 Dungeon Crawl Stone Soup version 0.31-a0-145-g046c7d2549 (webtiles) character file.

Game seed: 3751254766485557791

21 jlumianski the Vexing (level 2, 0/11 HPs)
             Began as a Felid Enchanter on June 5, 2023.
             Was an Initiate of Yredelemnul.
             Succumbed to an adder's poison
             ... on level 2 of the Dungeon.
             The game lasted 00:08:58 (1564 turns).

jlumianski the Vexing (Felid Enchanter)             Turns: 1564, Time: 00:08:59

Health: 0/11       AC:  1    Str:  4    XL:     2   Next: 65%
Magic:  6/6        EV: 17    Int: 16    God:    Yredelemnul [......]
Gold:   51         SH:  0    Dex: 16    Spells: 5/5 levels left
                                        Lives:  0   Deaths: 0

rFire   . .          .
                       - Unarmed
rCold   . . .        (shield unavailable)
rNeg    . . .        (body armour unavailable)
rPois   .            (helmet unavailable)
rElec   .            (cloak unavailable)
rCorr   .            (gloves unavailable)
SInv    +            (boots unavailable)
Will    .....        (no amulet)
Stlth   +++          (no ring)
HPRegen 0.21/turn    (no ring)
MPRegen 0.10/turn

%: no passive effects
@: lethally poisoned (0 -> -1), quick
A: very small, claws 1, fangs 3, see invisible, speed 1, shaggy fur 1, stealthy
paws, no weapons or thrown items, no armour, multi-lived
a: Renounce Religion, Recall Undead Harvest


You were on level 2 of the Dungeon.
You worshipped Yredelemnul.
Yredelemnul was noncommittal.
You visited 1 branch of the dungeon, and saw 2 of its levels.

You collected 51 gold pieces.

Inventory:

Scrolls
 b - a scroll of identify {unknown}
 e - 3 scrolls of teleportation {unknown}
 h - a scroll of immolation {unknown}
Potions
 a - 2 potions of invisibility
 c - a potion of lignification {unknown}
 d - a potion of attraction {unknown}
 f - a potion of might {unknown}
 g - a potion of ambrosia {unknown}


   Skills:
 + Level 2.8 Dodging
 + Level 4.3 Stealth
 * Level 1.2 Unarmed Combat
 + Level 2.0 Spellcasting
 + Level 5.2 Hexes


You had 5 spell levels left.
You didn't know any spells.
Your spell library contained the following spells:

 Spells                   Type           Power      Damage    Failure   Level
 Confusing Touch          Hex            18%        N/A       7%          3
 Tukima's Dance           Hex            18%        N/A       7%          3
 Ensorcelled Hibernation  Hex/Ice        20%        N/A       11%         2
 Dazzling Flash           Conj/Hex       20%        N/A       22%         3


Dungeon Overview and Level Annotations

Branches:
Dungeon (2/15)

Altars:
Yredelemnul


Innate Abilities, Weirdness & Mutations

You have sharp claws.
You have razor-sharp teeth.
You have supernaturally acute eyesight. (SInv)
You cover ground quickly. (Speed+)
You are covered in fur. (AC +1)
Your paws help you pounce on unaware monsters.
You are incapable of wielding weapons or throwing items.
You cannot wear armour.
You gain extra lives every three experience levels.


Message History

You miss the adder.
The adder is almost dead.
The adder bites you.
You scratch the adder.
You kill the adder!
Your Hexes skill increases to level 5!
Okay, then.
There is a stone staircase leading up here.
You climb upwards.
There is a stone staircase leading down here.
There is a stone staircase leading down here.
You climb downwards.
There is a stone staircase leading up here.
There is a stone staircase leading up here.
You see here a scroll labelled FIGYLA XUKHLO.
The adder hisses angrily.
The adder closely misses you.
You scratch the adder.
The adder is moderately wounded.
The adder bites you. The adder misses you.
You scratch the adder but do no damage.
The adder is moderately wounded.
The adder bites you.
You are poisoned.
The adder poisons you!
You closely miss the adder.
The adder is moderately wounded.
You feel sick. The adder closely misses you.
You miss the adder.
The adder is moderately wounded.
You feel sick. The adder closely misses you. The adder barely misses you.
You scratch the adder.
The adder is heavily wounded.
You feel sick. The adder bites you.
* * * LOW HITPOINT WARNING * * *
You scratch the adder.
You kill the adder!
The dead are slithering!
You die...
Your body rises from the dead as a mindless zombie.

#..#.....#.#
#..##.#..#
#..##.#..#
#..##.#..#
#..##.#..#
#..##.#..#
#.....#..#
#########?#####..#
.....Z.@......#..#
.....####.###.####
... ..# . ### ..


You could see a friendly adder zombie.

Vanquished Creatures
  2 adders (D:2)
  2 giant cockroaches
  3 quokkas
  3 ball pythons
  3 bats
  A kobold (D:2)
14 creatures vanquished.

Notes
Turn   | Place    | Note
-------+----------+-------------------------------------------
     0 | D:1      | jlumianski the Felid Enchanter began the quest for the Orb.
     0 | D:1      | Reached XP level 1. HP: 7/7 MP: 4/4
     6 | D:1      | Noticed a frost giant
     6 | D:1      | Noticed an imperial myrmidon
     6 | D:1      | Noticed a tyrant leech
     6 | D:1      | Noticed an iguana
   769 | D:1      | Reached XP level 2. HP: 11/11 MP: 6/6
  1132 | D:2      | Found a basalt altar of Yredelemnul.
  1355 | D:2      | Became a worshipper of Yredelemnul the Dark
  1453 | D:2      | Reached skill level 5 in Hexes
  1564 | D:2      | Succumbed to an adder's poison

Illustrated notes

Levels and vault maps discovered:
D:1:      onia_arrival_zoo_common, layout_loops_corners, minmay_split_cup_large
D:2:      layout_basic, basic_altar, minmay_liquid_box, st_stairs_2,
          kennysheep_potato

Skill      XL: |  1  2 |
---------------+-------+-----
Hexes          | 5 |  5.2
Dodging        | |  2.8
Stealth        | |  4.3
Unarmed Combat | |  1.2
Spellcasting   | |  2.0

Action                     || total
---------------------------++-------
  Melee: Unarmed           ||    68
         Bite              ||     6
   Stab: Sleeping          ||     2
 Armour: Skin              ||     6
  Dodge: Dodged            ||    76

Table legend: (Time is in decaauts)
 A = Elapsed time spent in this place.
 B = Non-inter-level travel time spent in this place.
 C = Inter-level travel time spent in this place.
 D = Time resting spent in this place.
 E = Time spent auto-exploring this place.
 F = Levels seen in this place.
 G = Mean time per level.
                   A        B        C        D        E       F      G
               +--------+--------+--------+--------+--------+-----+--------+
         Total |   1285 |   1254 |     31 |     39 |    541 |   2 |  642.5 |
       Dungeon |   1285 |   1254 |     31 |     39 |    541 |   2 |  642.5 |
               +--------+--------+--------+--------+--------+-----+--------+

Top non-repeatable levels by time:
     D:1: 812 daAuts
     D:2: 472 daAuts
